 Dungeon Crawl Stone Soup version 0.32-a0-471-gb91d5d9764 (webtiles) character file.

Game seed: 3130602983682171161

4806 ketsa the Cleaver (level 10, -10/67 HPs)
             Began as a Coglin Gladiator on Feb 25, 2024.
             Was an Elder of Zin.
             Mangled by a death knight
             ... wielding a +0 broad axe
              (24 damage)
             ... on level 9 of the Dungeon.
             The game lasted 00:34:25 (8235 turns).

ketsa the Cleaver (Coglin Gladiator)                Turns: 8235, Time: 00:34:25

Health: -10/67     AC: 14    Str: 20    XL:     10   Next: 48%
Magic:  3/3        EV: 14    Int:  7    God:    Zin [****..]
Gold:   432        SH:  0    Dex: 15    Spells: 9/9 levels left

rFire   + . .        a - +0 war axe {Aida}
rCold   . . .        x - +1 short sword of Fate {antimagic, rPois Will+}
rNeg    . . .        D - +6 leather armour "Uklerek" {rF+}
rPois   +            c - +1 helmet
rElec   .            (no cloak)
rCorr   .            J - +0 pair of gloves
SInv    .            w - +0 pair of boots
Will    +....        q - amulet of regeneration
Stlth   +            (ring unavailable)
HPRegen 1.11/turn    (ring unavailable)
MPRegen 0.08/turn

%: no passive effects
@: hasted, revving, very quick
A: off-hand wielding, slow wielding, warmup strikes, no rings
a: Renounce Religion, Recite, Vitalisation, Imprison, Donate Gold


You were on level 9 of the Dungeon.
You worshipped Zin.
Zin was greatly pleased with you.
You visited 2 branches of the dungeon, and saw 10 of its levels.
You also visited: Ossuary.

You collected 509 gold pieces.
You spent 30 gold pieces at shops.
You donated 47 gold pieces to Zin.

Inventory:

Hand Weapons
 a - a +0 war axe (weapon) {Aida}
 x - the +1 short sword of Fate (offhand) {antimagic, rPois Will+}
   (You found it in an ossuary)

   rPois:     It protects you from poison Will+: It increases your willpower.
 A - a +0 battleaxe
 B - a +1 whip of flaming
 I - a +0 long sword
 N - a +2 mace of protection
Missiles
 d - 3 throwing nets
 e - 3 javelins (quivered)
 p - 85 stones
 s - 11 poisoned darts
 K - 2 boomerangs
Armour
 b - a +0 leather armour
 c - a +1 helmet (worn)
 h - a +0 chain mail
 j - a +0 ring mail
 o - a +0 scale mail
 w - a +0 pair of boots (worn)
 D - the +6 leather armour "Uklerek" (worn) {rF+}
   (You found it on level 5 of the Dungeon)

   rF+:       It protects you from fire.
 J - a +0 pair of gloves (worn)
 L - +0 steam dragon scales
 O - a +0 scale mail of poison resistance
 P - the +0 pair of boots of the Okapi {Harm rElec Will-}
   (You found it on level 8 of the Dungeon)

   rElec:     It insulates you from electricity.
   Will-:     It decreases your willpower.
   Harm:      It increases damage dealt and taken.
Magical Staves
 H - a staff of cold
Jewellery
 q - an amulet of regeneration (around neck)
Wands
 t - a wand of mindburst (10)
Scrolls
 g - a scroll of poison
 r - a scroll of silence
 y - 3 scrolls of vulnerability
 C - a scroll of fog
 E - a scroll of enchant weapon
 F - a scroll of immolation {unknown}
 G - a scroll of identify
 M - a scroll of fear {unknown}
Potions
 k - 3 potions of enlightenment
 l - 3 potions of attraction
 m - 3 potions of brilliance
 n - 3 potions of mutation
 v - 2 potions of curing
 z - a potion of resistance


   Skills:
 - Level 2.0 Fighting
 * Level 12.1 Axes
 - Level 1.7 Throwing
 - Level 5.3 Armour
 + Level 5.4 Dodging
 + Level 6.5 Evocations


You had 9 spell levels left.
You didn't know any spells.
Your spell library contained the following spells:

 Spells                   Type           Power      Damage    Failure   Level
 Sandblast                Erth           0%         2d4       47%         1
 Scorch                   Fire           0%         2d5       63%         2
 Static Discharge         Conj/Air       0%         3-3/arc   63%         2
 Passwall                 Erth           0%         N/A       85%         3
 Stone Arrow              Conj/Erth      0%         3d7       85%         3
 Airstrike                Air            0%         2d(0-16)  99%         4
 Animate Armour           Summ/Erth      0%         N/A       99%         4
 Brom's Barrelling Bould  Conj/Erth      0%         2d3       99%         4
 Flame Wave               Conj/Fire      0%         2d4       99%         4
 Summon Lightning Spire   Summ/Air       0%         N/A       99%         4
 Summon Cactus Giant      Summ           0%         N/A       100%        6
 Lehudib's Crystal Spear  Conj/Erth      0%         10d2      100%        8


Dungeon Overview and Level Annotations

Branches:
Dungeon (9/15)             Temple (1/1) D:5             Orc (0/2) D:9
Ossuary (visited)
   Lair: D:8-11

Altars:
Ashenzari
Cheibriados
Dithmenos
Elyvilon
Fedhas
Gozag
Hepliaklqana
Kikubaaqudgha
Makhleb
Nemelex Xobeh
Okawaru
Qazlal
Ru
Sif Muna
Trog
Uskayaw
Vehumet
Wu Jian
Xom
Yredelemnul
Zin
The Shining One

Shops:
D:4 !   D:8 (

Annotations:
D:6 3 runed translucent doors, Mll's ghost, novice GrFi


Innate Abilities, Weirdness & Mutations

You can wield a second weapon in your off-hand.
It takes a long time for you to wield or remove held weapons.
Your first few attacks do less damage.
Your grasper-arms cannot wear rings.


Message History

You hit the death knight with your +0 war axe.
The death knight offers itself to Yredelemnul, and fills with unholy energy.
You hit the death knight but do no damage.
The death knight is moderately wounded.
You hit the death knight but do no damage.
The death knight hits you with a +0 broad axe.
* * * LOW HITPOINT WARNING * * *
You feel much better.
The orc warrior shouts!
The death knight reflects your damage back at you!
The death knight hits you but does no damage.
The death knight hits you with a +0 broad axe!
You feel better.
The death knight reflects your damage back at you!
The death knight misses you.
As you read the scroll of identify, it crumbles to dust.
E - a scroll of enchant weapon The death knight hits you with a +0 broad axe!
* * * LOW HITPOINT WARNING * * *
You feel better.
The death knight hits you with a +0 broad axe!
* * * LOW HITPOINT WARNING * * *
You feel yourself speed up.
The death knight hits you with a +0 broad axe!
* * * LOW HITPOINT WARNING * * *
You feel better.
The death knight's dark mirror aura disappears.
The death knight reflects your damage back at you!
* * * LOW HITPOINT WARNING * * *
The death knight completely misses you.
You closely miss the death knight with your +0 war axe.
The death knight is moderately wounded.
You barely miss the death knight with the +1 short sword of Fate.
You barely miss the death knight with the +1 short sword of Fate.
The death knight is moderately wounded.
You hit the death knight but do no damage.
The death knight misses you.
You feel as though your hastened speed will last longer.
The death knight hits you with a +0 broad axe!!
You die...

### ### #.# #@#
#.###p#
#..#.o##
#......#
#.(........
#.(..........
#(...........
..((..........
..............#


You could see a death knight (poisoned) and an orc warrior.

Vanquished Creatures
  2 two-headed ogres
  Pikel (D:5)
  Grinder (D:4)
  2 wyverns
  Eustachio (D:5)
  A steam dragon (D:7)
  2 ice beasts
  A sky beast (D:8)
  A black bear (D:5)
  A lemure (D:5)
  2 centaurs
  Blork the orc (D:4)
  2 kobold brigands
  A wyvern zombie (D:6)
  2 bullfrogs
  2 scorpions
  2 howler monkeys (D:5)
  7 killer bees (D:9)
  An electric eel (D:7)
  2 jellies
  2 bombardier beetles
  A human zombie (Ossuary)
  2 gnoll boudas
  6 orc priests
  A hound (D:6)
  A sleepcap (D:5)
  Ijyb (D:5)
  2 iguanas
  4 orc wizards (D:5)
  A killer bee zombie (D:6)
  2 hound zombies (Ossuary)
  4 mummies (Ossuary)
  4 adders
  8 gnolls
  4 white imps
  2 ufetubi (D:5)
  3 ribbon worms
  25 orcs
  4 ball pythons
  6 bats
  8 endoplasms
  3 giant cockroaches
  4 goblins
  9 hobgoblins
  A quokka (D:5)
  3 frilled lizards
  A gnoll zombie (Ossuary)
  A goblin zombie (Ossuary)
  A hobgoblin zombie (Ossuary)
  A jackal zombie (Ossuary)
  17 kobolds
  A kobold zombie (Ossuary)
  2 orc zombies (Ossuary)
  8 rats
  2 rat zombies (Ossuary)
180 creatures vanquished.

Notes
Turn   | Place    | Note
-------+----------+-------------------------------------------
     0 | D:1      | ketsa the Coglin Gladiator began the quest for the Orb.
     0 | D:1      | Reached XP level 1. HP: 16/16 MP: 1/1
   275 | D:1      | Reached XP level 2. HP: 22/22 MP: 2/2
   790 | D:1      | Reached skill level 4 in Axes
   928 | D:1      | Reached XP level 3. HP: 27/27 MP: 3/3
  2231 | D:3      | Reached XP level 4. HP: 33/33 MP: 4/4
  2499 | D:3      | Found a faded altar of an unknown god.
  2725 | D:4      | Found Cacvoli's Distillery.
  2749 | D:4      | Bought a potion of curing for 30 gold pieces
  2822 | D:4      | Found a sand-covered staircase.
  2832 | Ossuary  | Entered an ossuary
  2848 | Ossuary  | Reached skill level 5 in Axes
  2864 | Ossuary  | Reached skill level 1 in Armour
  2919 | Ossuary  | Reached XP level 5. HP: 38/38 MP: 5/5
  3004 | Ossuary  | Identified the +1 short sword of Fate {antimagic, rPois
                  | Will+}
  3455 | D:4      | Noticed Blork the orc
  3479 | D:4      | Killed Blork the orc
  3480 | D:4      | Reached skill level 6 in Axes
  3480 | D:4      | Reached XP level 6. HP: 44/44 MP: 2/6
  3534 | D:4      | Noticed Grinder
  3546 | D:4      | Killed Grinder
  3547 | D:4      | Reached XP level 7. HP: 50/50 MP: 2/7
  3953 | D:5      | Entered Level 5 of the Dungeon
  3982 | D:4      | Reached skill level 7 in Axes
  4061 | D:5      | Noticed Pikel
  4101 | D:5      | Killed Pikel
  4102 | D:5      | Reached skill level 8 in Axes
  4102 | D:5      | Reached XP level 8. HP: 19/56 MP: 2/8
  4199 | D:5      | Noticed Ijyb
  4291 | D:5      | Killed Ijyb
  4311 | D:5      | Identified the +6 leather armour "Uklerek" {rF+}
  4517 | D:5      | Reached skill level 9 in Axes
  4683 | D:5      | Reached skill level 5 in Armour
  4693 | D:5      | Noticed Eustachio
  4708 | D:5      | Killed Eustachio
  5080 | D:5      | Found a blossoming altar of Fedhas.
  5192 | D:5      | Found a staircase to the Ecumenical Temple.
  5201 | Temple   | Entered the Ecumenical Temple
  5374 | Temple   | Became a worshipper of Zin the Law-Giver
  5374 | Temple   | Reached * piety under Zin
  5619 | D:6      | Found a runed translucent gate.
  5619 | D:6      | Found a runed translucent gate.
  5619 | D:6      | Found a runed translucent gate.
  5619 | D:6      | Noticed Mll's ghost (novice GrFi)
  5621 | D:6      | Found a basalt altar of Yredelemnul.
  5641 | D:6      | Reached XP level 9. HP: 40/61 MP: 3/9
  5668 | D:6      | Reached ** piety under Zin
  5669 | D:6      | Reached skill level 1 in Evocations
  5797 | D:6      | Reached skill level 10 in Axes
  6229 | D:7      | Reached *** piety under Zin
  6333 | D:7      | Found a shadowy altar of Dithmenos.
  7446 | D:8      | Reached skill level 11 in Axes
  7549 | D:8      | Noticed a two-headed ogre
  7563 | D:8      | Killed a two-headed ogre
  7564 | D:8      | Reached skill level 5 in Evocations
  7564 | D:8      | Reached XP level 10. HP: 23/67 MP: 3/10
  7649 | D:8      | Identified the +0 pair of boots of the Okapi {Harm rElec
                  | Will-}
  7714 | D:8      | Found a sparkling altar of Nemelex Xobeh.
  7714 | D:8      | Found a glowing golden altar of the Shining One.
  7741 | D:8      | Found Gyigig's Weapon Shoppe.
  7756 | D:8      | Reached skill level 5 in Dodging
  7968 | D:8      | Reached **** piety under Zin
  7994 | D:8      | Found a hazy altar of Hepliaklqana.
  8046 | D:9      | Found a staircase to the Orcish Mines.
  8097 | D:9      | Noticed a death knight
  8135 | D:9      | Noticed a two-headed ogre
  8158 | D:9      | Killed a two-headed ogre
  8159 | D:9      | Reached skill level 12 in Axes
  8235 | D:9      | Mangled by a death knight

Illustrated notes

Levels and vault maps discovered:
D:1:      enne_arrival_octagon_isle, layout_basic
D:2:      layout_loops_ring
D:3:      minmay_door_path, layout_basic, shapermc_ecumenical_altar_flowoftime,
          minmay_goblin_kobold_house
D:4:      cheibrodos_quashed, layout_cave_pods,
          mainiacjoe_ossuary_entry_dusty_tomb, serial_shops, shop, uniq_grinder,
          uniq_blork_the_orc
D:5:      layout_loops_corners, fedhas_altar_4, temple_hall, uniq_eustachio,
          uniq_ijyb, uniq_pikel
D:6:      layout_basic, nicolae_yredelemnul_ghost_church
D:7:      statuecave_lemuel, layout_basic, nicolae_dithmenos_shadow_blocks,
          minmay_misc_feat_pillars
D:8:      minmay_blocky_corners, layout_basic,
          worldfamousw_hep_ancestral_shrine, gammafunk_temple_overflow_wave,
          serial_shops, shop
D:9:      hangedman_cross_stitches, layout_layer_cave, david_orc_2,
          minmay_nine_imps
Temple:   regret_index_temple_sphere_string

Skill      XL: |  1  2  3  4  5  6  7  8  9 10 |
---------------+-------------------------------+-----
Axes           | 4 5 6 8 9 11 12 | 12.1
Armour         | 1 2 4 5 |  5.3
Evocations     | 5 6 |  6.5
Dodging        | 4 5 |  5.4
Fighting       | |  2.0
Throwing       | |  1.7

Action                     |  1- 3 |  4- 6 |  7- 9 | 10-12 || total
---------------------------+-------+-------+-------+-------++-------
  Melee: War axe           |   123 |   116 |   339 |    90 ||   668
         Short sword       |       |     6 |   309 |    85 ||   400
  Throw: Javelin           |     3 |     5 |       |     1 ||     9
         Dart              |       |     5 |     5 |     4 ||    14
    Use: Scroll            |       |    12 |     3 |     3 ||    18
         Potion            |       |     2 |       |     7 ||     9
   Stab: Sleeping          |     2 |       |       |       ||     2
 Armour: Leather armour    |    59 |       |   182 |    57 ||   298
         Scale mail        |    12 |    85 |    55 |       ||   152
  Dodge: Dodged            |    82 |    60 |   214 |    74 ||   430

Table legend: (Time is in decaauts)
 A = Elapsed time spent in this place.
 B = Non-inter-level travel time spent in this place.
 C = Inter-level travel time spent in this place.
 D = Time resting spent in this place.
 E = Time spent auto-exploring this place.
 F = Levels seen in this place.
 G = Mean time per level.
                   A        B        C        D        E       F      G
               +--------+--------+--------+--------+--------+-----+--------+
         Total |   8294 |   8117 |    177 |    998 |   4227 |  11 |  754.0 |
       Dungeon |   7738 |   7585 |    153 |    970 |   4227 |   9 |  859.8 |
        Temple |    198 |    174 |     24 |      0 |      0 |   1 |  198.0 |
       Ossuary |    357 |    357 |      0 |     28 |      0 |   1 |  357.0 |
               +--------+--------+--------+--------+--------+-----+--------+

Top non-repeatable levels by time:
     D:5: 1305 daAuts
     D:1: 1199 daAuts
     D:7: 1019 daAuts
     D:2: 984 daAuts
     D:4: 904 daAuts
     D:8: 806 daAuts
     D:6: 748 daAuts
     D:3: 587 daAuts
 Ossuary: 357 daAuts
  Temple: 198 daAuts
     D:9: 182 daAuts
